 Dungeon Crawl Stone Soup version 0.25.1-2-g60ff931df9 (webtiles) character file.

Game seed: 6517833509591013860

132 Martska the Changer (level 5, -3/44 HPs)
             Began as a Naga Transmuter on Oct 14, 2020.
             Slain by a gnoll
             ... wielding a +0 spear
              (6 damage)
             ... on level 3 of the Dungeon.
             The game lasted 00:06:55 (3252 turns).

Martska the Changer (Naga Transmuter)               Turns: 3252, Time: 00:06:56

Health: -3/44      AC:  2    Str: 12    XL:     5   Next: 15%
Magic:  2/8        EV: 19    Int: 14    God:
Gold:   156        SH:  0    Dex: 17    Spells: 4/8 levels left

rFire    . . .     SeeInvis +     - Unarmed
rCold    . . .     Gourm    .   (shield currently unavailable)
rNeg     . . .     Faith    .   (armour currently unavailable)
rPois    x         Spirit   .   (helmet currently unavailable)
rElec    .         Reflect  .   (cloak currently unavailable)
rCorr    .         Harm     .   (gloves currently unavailable)
MR       .....                  (no barding)
Stlth    ++........             (no amulet)
HPRegen  0.14/turn              (no ring)
MPRegen  0.11/turn              (no ring)

@: spider-form, very slightly contaminated
A: tiny, see invisible, slow metabolism 1, spit poison 1, AC +1
a: Spit Poison, End Transformation


You were on level 3 of the Dungeon.
You were hungry.
You were a venomous arachnid creature.
You visited 1 branch of the dungeon, and saw 3 of its levels.

You collected 156 gold pieces.

Inventory:

Hand Weapons
 j - a +0 mace (melded)
Missiles
 a - 12 arrows
Armour
 b - a +0 robe (melded)
Wands
 m - a wand of enslavement (4)
Scrolls
 c - 3 scrolls of remove curse {unknown}
 e - a scroll of noise {unknown}
 f - a scroll of teleportation {unknown}
 h - a scroll of amnesia {unknown}
 i - 3 scrolls of identify {unknown}
 o - a scroll of enchant weapon {unknown}
 p - 2 scrolls of magic mapping {unknown}
Potions
 g - a potion of lignification {unknown}
 k - a potion of brilliance {unknown}
 l - a potion of mutation {unknown}
Comestibles
 d - 3 rations


   Skills:
 - Level 1.0 Fighting
 - Level 1.5 Dodging
 - Level 3.0 Unarmed Combat
 - Level 2.0 Spellcasting
 * Level 5.2 Transmutations


You had 4 spell levels left.
You knew the following spells:

 Your Spells              Type           Power        Failure   Level  Hunger
a - Beastly Appendage     Tmut           ###...       10%         1    ##.....
b - Spider Form           Tmut/Pois      #.........   45%         3    ####...

Your spell library contained the following spells:

 Spells                   Type           Power        Failure   Level  Hunger
 Sticks to Snakes         Tmut           ###.....     13%         2    ###....
 Ice Form                 Ice/Tmut       #.......     82%         4    #####..
 Blade Hands              Tmut           ###.......   80%         5    ######.


Dungeon Overview and Level Annotations

Branches:
Dungeon (3/15)

Altars:


Innate Abilities, Weirdness & Mutations

You cannot wear boots.
((Your serpentine skin is tough. (AC +1)))
You have supernaturally acute eyesight. (SInv)
((Armour fits poorly on your strangely shaped body.))
((Your system is resistant to poisons. (rPois)))
((You cover ground very slowly.))
You have a slow metabolism.
You can spit poison.


Message History

Unknown command.
You swap places.
A ball python comes into view.
The ball python hisses angrily.
The gnoll is no longer charmed.
The gnoll hits you from afar with a +0 spear.
* * * LOW HITPOINT WARNING * * *
The gnoll misses you.
Casting: Spider Form (quite dangerous; 24% risk of failure)
Confirm with . or Enter, or press ? or * to list all spells.
The spell is quite dangerous to cast (24% risk of failure)!
Continue anyway?
You turn into a venomous arachnid creature.
Your +0 mace melds into your body.
Your +0 robe melds into your body.
The gnoll misses you.
You bite the ball python!
You kill the ball python!
The gnoll hits you from afar with a +0 spear.
* * * LOW HITPOINT WARNING * * *
The gnoll hits you with a +0 spear.
You die...

........##.######.#≈###
..................≈≈≈.####
..#))....#.####....≈≈≈≈..≈
......)....# #......≈≈≈≈≈
.####)...).# #..#.......#
.#####...######..#.#...#..
.........##........#...###
######(..##............###
#.(.##.....sg........ #
.#####...##..........####.
# ......(............#.# #
...................#... #
...................##### #
.###.#....#######..# #
#.#....# #.## # #.#....#
#(# # #.#....####
#.######## #


You could see a gnoll.

Vanquished Creatures
  Jessica (D:2)
  2 gnolls (D:3)
  2 adders (D:2)
  An ooze (D:3)
  A worm (D:3)
  4 leopard geckos
  An orc (D:3)
  A ball python (D:3)
  5 giant cockroaches
  2 goblins (D:1)
  3 hobgoblins
  7 jackals
  A quokka (D:2)
  7 bats
  4 frilled lizards
  4 kobolds
  4 rats
50 creatures vanquished.

Vanquished Creatures (collateral kills)
  A gnoll (D:3)
1 creature vanquished.

Grand Total: 51 creatures vanquished

Notes
Turn   | Place    | Note
-------+----------+-------------------------------------------
     0 | D:1      | Martska the Naga Transmuter began the quest for the Orb.
     0 | D:1      | Reached XP level 1. HP: 18/18 MP: 3/3
   576 | D:1      | Reached XP level 2. HP: 10/25 MP: 5/5
   878 | D:1      | Reached skill level 3 in Transmutations
  1117 | D:1      | Reached XP level 3. HP: 25/31 MP: 6/6
  1390 | D:2      | HP: 1/31 [poisoned by an adder]
  1821 | D:2      | Learned a level 3 spell: Spider Form
  2107 | D:2      | Reached skill level 4 in Transmutations
  2449 | D:2      | Noticed Jessica
  2457 | D:2      | Killed Jessica
  2457 | D:2      | Reached XP level 4. HP: 8/38 MP: 3/7
  3203 | D:3      | Reached skill level 5 in Transmutations
  3203 | D:3      | Reached XP level 5. HP: 44/44 MP: 8/8
  3252 | D:3      | Slain by a gnoll

Illustrated notes

Levels and vault maps discovered:
D:1:      lemuel_arrival_broad_hall, layout_basic
D:2:      layout_basic, kennysheep_jessica_study
D:3:      layout_loops_cross, hangedman_abyss_or_decor_stabs,
          chequers_serial_rivers_small_a

Skill      XL: |  1  2  3  4 |
---------------+-------------+-----
Transmutations | 3 4 5 |  5.2
Fighting       | |  1.0
Dodging        | |  1.5
Unarmed Combat | |  3.0
Spellcasting   | |  2.0

Action                   |  1- 3 |  4- 6 || total
-------------------------+-------+-------++-------
Melee: Club              |    24 |       ||    24
       Mace              |    68 |    10 ||    78
       Punch             |     1 |       ||     1
       Unarmed           |     8 |    26 ||    34
 Cast: Spider Form       |     2 |     5 ||     7
 Abil: Spit Poison       |    23 |     5 ||    28
Evoke: Wand              |       |     1 ||     1
  Use: Potion            |     1 |       ||     1
  Eat: Chunk             |     2 |     2 ||     4
       Ration            |     1 |       ||     1
Armor: Robe              |    33 |     3 ||    36
       Skin              |       |     1 ||     1
Dodge: Dodged            |   102 |    27 ||   129
